 Dungeon Crawl Stone Soup version 0.27.1-1-g398f81649c (webtiles) character file.

Game seed: 15103004692704160630

1561 MisterFreud the Shield-Bearer (level 8, -2/67 HPs)
             Began as a Gnoll Fighter on Sept 14, 2021.
             Was a Follower of Uskayaw.
             Slain by a vampire mosquito (10 damage)
             ... on level 5 of the Dungeon.
             The game lasted 00:13:37 (6678 turns).

MisterFreud the Shield-Bearer (Gnoll Fighter)       Turns: 6678, Time: 00:13:38

Health: -2/67      AC:  9    Str: 16    XL:     8   Next: 89%
Magic:  13/13      EV:  9    Int:  9    God:    Uskayaw [*.....]
Gold:   225        SH: 10    Dex: 12    Spells: 14/14 levels left

rFire    . . .     SeeInvis .   b - +2 dagger (venom)
rCold    . . .     Faith    .   c - +0 kite shield
rNeg     . . .     Spirit   .   p - +0 scale mail
rPois    +         Reflect  .   s - +0 helmet
rElec    .         Harm     .   (no cloak)
rCorr    .         Rampage  .   (no gloves)
Will     .....                  (no boots)
Stlth    +.........             (no amulet)
HPRegen  0.21/turn              m - ring of poison resistance
MPRegen  0.13/turn              (no ring)

@: no status effects
A: fangs 1, strong nose, distributed training
a: Renounce Religion, Stomp


You were on level 5 of the Dungeon.
You worshipped Uskayaw.
Uskayaw was noncommittal.
You visited 1 branch of the dungeon, and saw 6 of its levels.

You collected 339 gold pieces.
You spent 114 gold pieces at shops.

Inventory:

Hand Weapons
 a - a +0 rapier
 b - a +2 dagger of venom (weapon)
Missiles
 n - a throwing net (quivered)
Armour
 c - a +0 kite shield (worn)
 g - a +2 robe of willpower
 h - a +0 buckler
 p - a +0 scale mail (worn)
 s - a +0 helmet (worn)
Jewellery
 m - a ring of poison resistance (left hand)
Wands
 l - a wand of flame (11)
Scrolls
 i - a scroll of holy word
 j - a scroll of acquirement {unknown}
 k - a scroll of immolation {unknown}
 o - a scroll of magic mapping
 q - a scroll of amnesia
 r - a scroll of torment {unknown}
 t - a scroll of silence {unknown}
 u - a scroll of blinking {unknown}
 v - a scroll of enchant weapon {unknown}
Potions
 d - a potion of might
 e - a potion of attraction
 w - a potion of mutation {unknown}


   Skills:
 + Level 7.5 Fighting
 + Level 5.9 Short Blades
 + Level 3.6 Long Blades
 + Level 3.6 Axes
 + Level 3.6 Maces & Flails
 + Level 3.6 Polearms
 + Level 3.6 Staves
 + Level 3.6 Slings
 + Level 3.6 Bows
 + Level 3.6 Crossbows
 + Level 3.6 Throwing
 + Level 7.5 Armour
 + Level 3.6 Dodging
 + Level 3.6 Stealth
 + Level 7.5 Shields
 + Level 3.6 Unarmed Combat
 + Level 3.6 Spellcasting
 + Level 3.0 Conjurations
 + Level 3.0 Hexes
 + Level 3.0 Summonings
 + Level 3.0 Necromancy
 + Level 3.0 Translocations
 + Level 3.0 Transmutations
 + Level 3.0 Fire Magic
 + Level 3.0 Ice Magic
 + Level 3.0 Air Magic
 + Level 3.0 Earth Magic
 + Level 3.0 Poison Magic
 + Level 4.0 Invocations
 + Level 3.6 Evocations


You had 14 spell levels left.
You didn't know any spells.
Your spell library contained the following spells:

 Spells                   Type           Power      Damage    Failure   Level
 Beastly Appendage        Tmut           14%        N/A       54%         1
 Shock                    Conj/Air       28%        1d4       54%         1
 Wereblood                Tmut           7%         N/A       69%         2
 Ignite Poison            Fire/Tmut/Pois 7%         N/A       89%         3
 Mephitic Cloud           Conj/Pois/Air  7%         N/A       89%         3
 Spider Form              Tmut/Pois      3%         N/A       89%         3
 Swiftness                Air            7%         N/A       89%         3
 Airstrike                Air            3%         N/A       100%        4
 Bolt of Magma            Conj/Fire/Erth 3%         4d5       100%        5


Dungeon Overview and Level Annotations

Branches:
Dungeon (6/15)             Temple (0/1) D:4

Altars:
Ashenzari
Gozag
Trog
Uskayaw

Shops:
D:2 ![[(   D:3 *   D:4 (


Innate Abilities, Weirdness & Mutations

You have very sharp teeth.
Your uncanny sense of smell can sniff out nearby items.
Your experience applies equally to all skills.


Message History

Your Transmutations skill increases to level 3!
Your Fire Magic skill increases to level 3!
Your Ice Magic skill increases to level 3!
Your Air Magic skill increases to level 3!
Your Earth Magic skill increases to level 3!
Your Poison Magic skill increases to level 3!
Your Invocations skill increases to level 4!
Unknown command.
Unknown command.
Unknown command.
Unknown command.
Unknown command.
Unknown command.
Unknown command.
An iguana comes into view.
The iguana moves out of view.
The iguana hisses angrily.
The iguana bites you but does no damage.
You can no longer pass through a line of other dancers.
The two-headed ogre barely misses you. You block the two-headed ogre's attack.
There is an escape hatch in the ceiling here.
A mysterious force pulls you upwards. The hatch slams shut behind you.
The vampire mosquito buzzes angrily.
The vampire mosquito bites you but does no damage.
The vampire mosquito bites you but does no damage.
There is a stone staircase leading down, spattered with blood here.
Okay, then.
Unknown command.
Okay, then.
Unknown command.
As you read the scroll of summoning, it crumbles to dust.
Wisps of shadow whirl around you... The vampire mosquito bites you.
* * * LOW HITPOINT WARNING * * *
The vampire mosquito draws strength from your injuries!
The vampire mosquito bites you!
* * * LOW HITPOINT WARNING * * *
The vampire mosquito draws strength from your injuries!
Unknown command.
The vampire mosquito bites you!
You die...

##..##....###.# #..#.#
#...##....###.# ##.#..#
#.#.#####...#.# #####..#.##
#.#.# #...#.###.....##.# #.#.#
##..#.##).######.# #.#.#
#..#....## #.# ##.#.#
#.....### ##.# #..#.# #..Z..##
#..### #.##.# ##@.h..## #.....
#.##.# ###>ys...### ######
#.##.# #...#..#...# #.. #.##.#
#.###....#.#######.# #.##.#
#.# #.##.....##....# #.##.#
#.# #.###.##..#.####
#.##.#####.###..##......<..##
##.##......>##........#####..#
#...#.########......#.[# ##..


You could see a vampire mosquito (ally target), a friendly black bear
(summoned), a friendly scorpion (summoned) and a friendly hornet zombie
(summoned).

Vanquished Creatures
  3 yaks (D:6)
  A water moccasin (D:5)
  A sky beast (D:6)
  An ice beast (D:5)
  An ogre (D:5)
  A phantom (D:6)
  A bullfrog (D:6)
  A scorpion (D:4)
  A howler monkey (D:6)
  A centaur zombie (D:5)
  A centaur skeleton (D:5)
  2 hounds
  An orc priest (D:5)
  A jelly (D:5)
  A bullfrog skeleton (D:5)
  An iguana (D:5)
  3 orc wizards
  A hound skeleton (D:4)
  4 gnolls (D:5)
  4 adders (D:5)
  A white imp (D:4)
  An ufetubus (D:6)
  An adder skeleton (D:4)
  3 worms
  A dart slug (D:4)
  4 orcs
  9 ball pythons
  A bat (D:3)
  5 endoplasms
  6 giant cockroaches
  9 goblins
  6 hobgoblins
  4 jackals (D:5)
  10 kobolds
  3 quokkas
  6 frilled lizards
  2 rats
103 creatures vanquished.

Vanquished Creatures (collateral kills)
  An orc wizard (D:6)
1 creature vanquished.

Vanquished Creatures (others)
  19 plants
19 creatures vanquished.

Grand Total: 123 creatures vanquished

Notes
Turn   | Place    | Note
-------+----------+-------------------------------------------
     0 | D:1      | MisterFreud the Gnoll Fighter began the quest for the Orb.
     0 | D:1      | Reached XP level 1. HP: 23/23 MP: 1/1
   102 | D:1      | Reached XP level 2. HP: 25/29 MP: 2/2
   754 | D:2      | Reached XP level 3. HP: 33/35 MP: 3/3
   770 | D:2      | Found a faded altar of an unknown god.
   801 | D:2      | Found Ojasegoh's Distillery.
   817 | D:2      | Became a worshipper of Uskayaw the Reveller
   817 | D:2      | Reached * piety under Uskayaw
   835 | D:2      | Bought a potion of heal wounds for 65 gold pieces
  1270 | D:2      | Found Guphigou's Antique Armour Shoppe.
  1275 | D:2      | Found Joiruugy's Antique Weapon Shop.
  1389 | D:2      | Found Ofivusegh's Armour Shoppe.
  1462 | D:2      | Reached skill level 1 in Invocations
  1749 | D:3      | Found Xesamair's General Store.
  1764 | D:3      | Bought a scroll of fear for 49 gold pieces
  1809 | D:3      | Found a broken altar of Ashenzari.
  2032 | D:3      | Reached skill level 1 in Long Blades
  2032 | D:3      | Reached skill level 1 in Axes
  2032 | D:3      | Reached skill level 1 in Maces & Flails
  2032 | D:3      | Reached skill level 1 in Polearms
  2032 | D:3      | Reached skill level 1 in Staves
  2032 | D:3      | Reached skill level 1 in Slings
  2032 | D:3      | Reached skill level 1 in Bows
  2032 | D:3      | Reached skill level 1 in Crossbows
  2032 | D:3      | Reached skill level 1 in Throwing
  2032 | D:3      | Reached skill level 1 in Dodging
  2032 | D:3      | Reached skill level 1 in Stealth
  2032 | D:3      | Reached skill level 1 in Unarmed Combat
  2032 | D:3      | Reached skill level 1 in Spellcasting
  2032 | D:3      | Reached skill level 1 in Evocations
  2328 | D:4      | Reached XP level 4. HP: 41/41 MP: 5/5
  2411 | D:4      | Noticed a rust devil
  2426 | D:4      | Found a staircase to the Ecumenical Temple.
  2443 | D:4      | Noticed an angel
  2481 | D:4      | Found Neytiad's Weapon Shop.
  2494 | D:4      | Reached ** piety under Uskayaw
  3050 | D:4      | Reached skill level 1 in Conjurations
  3050 | D:4      | Reached skill level 1 in Hexes
  3050 | D:4      | Reached skill level 1 in Summonings
  3050 | D:4      | Reached skill level 1 in Necromancy
  3050 | D:4      | Reached skill level 1 in Translocations
  3050 | D:4      | Reached skill level 1 in Transmutations
  3050 | D:4      | Reached skill level 1 in Fire Magic
  3050 | D:4      | Reached skill level 1 in Ice Magic
  3050 | D:4      | Reached skill level 1 in Air Magic
  3050 | D:4      | Reached skill level 1 in Earth Magic
  3050 | D:4      | Reached skill level 1 in Poison Magic
  3397 | D:5      | Entered Level 5 of the Dungeon
  3404 | D:5      | Reached XP level 5. HP: 47/47 MP: 6/6
  3704 | D:5      | Noticed a black bear
  3810 | D:5      | Noticed a water moccasin
  3838 | D:5      | HP: 2/47 [orc priest/divine providence (11)]
  3839 | D:5      | Reached XP level 6. HP: 3/53 MP: 8/8
  3871 | D:5      | Reached skill level 5 in Short Blades
  3945 | D:6      | Found an opulent altar of Gozag.
  4133 | D:6      | HP: 1/53 [orc wizard (3)]
  4454 | D:6      | Reached XP level 7. HP: 52/59 MP: 10/10
  4678 | D:6      | Noticed a two-headed ogre
  5314 | D:5      | Found a bloodstained altar of Trog.
  5521 | D:5      | Reached XP level 8. HP: 40/67 MP: 12/12
  6598 | D:6      | Noticed a yak
  6598 | D:6      | Noticed a yak
  6599 | D:6      | Noticed a yak
  6600 | D:6      | Noticed a yak
  6601 | D:6      | Noticed a yak
  6616 | D:6      | Killed a yak
  6629 | D:6      | Reached *** piety under Uskayaw
  6630 | D:6      | Killed a yak
  6647 | D:6      | Killed a yak
  6678 | D:5      | Slain by a vampire mosquito

Illustrated notes

Levels and vault maps discovered:
D:1:      minmay_arrival_diagonal_passages, layout_loops_cross,
          minmay_tiny_reverse_x
D:2:      layout_basic, serial_shops, shop_fountains, nicolae_square_shop, shop,
          nicolae_shop_crystal, ebering_ecumenical_altar_box
D:3:      layout_loops_cross, ashenzari_altar_1, serial_shops,
          nicolae_shop_stone, minmay_door_square
D:4:      layout_layer_cave, temple_garden, serial_shops, shop
D:5:      layout_rooms, trog_hazing_becter
D:6:      minmay_razor_zed, layout_gridville, grunt_gozag_breadcrumbs,
          gammafunk_ghost_hive, minmay_misc_feat_rugged, minmay_misc_feat_iff,
          serial_bayou_pond_c, minmay_microvault

Skill      XL: |  1  2  3  4  5  6  7  8 |
---------------+-------------------------+-----
Invocations    | 1 2 3 4 |  4.0
Long Blades    | 1 2 3 |  3.6
Axes           | 1 2 3 |  3.6
Maces & Flails | 1 2 3 |  3.6
Polearms       | 1 2 3 |  3.6
Staves         | 1 2 3 |  3.6
Slings         | 1 2 3 |  3.6
Bows           | 1 2 3 |  3.6
Crossbows      | 1 2 3 |  3.6
Throwing       | 1 2 3 |  3.6
Dodging        | 1 2 3 |  3.6
Stealth        | 1 2 3 |  3.6
Unarmed Combat | 1 2 3 |  3.6
Spellcasting   | 1 2 3 |  3.6
Evocations     | 1 2 3 |  3.6
Conjurations   | 1 2 3 |  3.0
Hexes          | 1 2 3 |  3.0
Summonings     | 1 2 3 |  3.0
Necromancy     | 1 2 3 |  3.0
Translocations | 1 2 3 |  3.0
Transmutations | 1 2 3 |  3.0
Fire Magic     | 1 2 3 |  3.0
Ice Magic      | 1 2 3 |  3.0
Air Magic      | 1 2 3 |  3.0
Earth Magic    | 1 2 3 |  3.0
Poison Magic   | 1 2 3 |  3.0
Short Blades   | 5 |  5.9
Fighting       | 7 |  7.5
Armour         | 7 |  7.5
Shields        | 7 |  7.5

Action                   |  1- 3 |  4- 6 |  7- 9 || total
-------------------------+-------+-------+-------++-------
Melee: Rapier            |    93 |    12 |    33 ||   138
       Bite              |    15 |    17 |    33 ||    65
       Dagger            |    27 |   133 |   184 ||   344
Evoke: Wand              |       |     5 |       ||     5
  Use: Scroll            |       |     8 |     3 ||    11
       Potion            |       |     4 |       ||     4
 Stab: Paralysed         |       |       |     1 ||     1
Armor: Scale mail        |    37 |   112 |    85 ||   234
Dodge: Dodged            |    23 |    67 |    66 ||   156
Block: Kite shield       |    60 |    87 |   117 ||   264
